[Event "DVM U20w 2021"]
[Site "Kiel"]
[Date "2022.07.24"]
[Round "3"]
[White "Rempe, Janne"]
[Black "Neitzel, Emma"]
[Result "1-0"]
[ECO "D02"]
[WhiteElo "1497"]
[BlackElo "1135"]
[Annotator "NA RC COMBH"]
[PlyCount "75"]
[EventDate "2022.07.23"]
[EventType "team-tourn"]
[EventRounds "7"]
[EventCountry "GER"]
[SourceTitle "playchess.com"]
[Source "ChessBase"]
[SourceQuality "1"]
[TimeControl "40/5400+30:1800+30"]

1. d4 d5 2. Nf3 Nf6 3. Bf4 g6 4. e3 Bg7 5. c3 O-O 6. Nbd2 c5 7. Be2 Nfd7 8. h4 Nc6 9. h5 e5 10. dxe5 Ncxe5 11. hxg6 Nxf3+ 12. Nxf3 Nf6 13. gxh7+ Nxh7 14. Qc2 Nf6 15. Bg5 Re8 16. O-O-O Kf8 17. Bb5 Re6 18. Bh6 Ne4 19. Bxg7+ Kxg7 20. Rh5 Qa5 21. Qb3 c4 22. Qa4 Qxa4 23. Bxa4 Ra6 24. Bc2 Be6 25. Bxe4 dxe4 26. Nd2 Rd8 27. a3 f6 28. Rdh1 Bf7 29. Rh7+ Kf8 30. Nxe4 Bg6 31. Rh8+ Ke7 32. Rxd8 Kxd8 33. Nc5 Rb6 34. Rh4 Bf7 35. Rd4+ Kc8 36. f4 Rc6 37. Ne4 b5 38. Nd6+ 1-0

[Event "DVM U20w 2021"]
[Site "Kiel"]
[Date "2022.07.24"]
[Round "3"]
[White "Margaryan, Susanna"]
[Black "Malinowsky, Celina"]
[Result "1-0"]
[ECO "D36"]
[WhiteElo "1436"]
[BlackElo "1519"]
[Annotator "NA RC COMBH"]
[PlyCount "63"]
[EventDate "2022.07.23"]
[EventType "team-tourn"]
[EventRounds "7"]
[EventCountry "GER"]
[SourceTitle "playchess.com"]
[Source "ChessBase"]
[SourceQuality "1"]
[TimeControl "40/5400+30:1800+30"]

1. d4 d5 2. c4 e6 3. cxd5 exd5 4. Nc3 Nf6 5. Bg5 Be7 6. Nf3 Nbd7 7. e3 c6 8. Bd3 O-O 9. O-O Re8 10. Qc2 Nf8 11. Rab1 a5 12. a3 Qd6 13. b4 axb4 14. axb4 Ng4 15. Bf4 Qe6 16. b5 Bd6 17. Bxd6 Qxd6 18. bxc6 bxc6 19. Rb6 Re6 20. Rc1 Bd7 21. Bf5 Rh6 22. h3 Bxf5 23. Qxf5 Qa3 24. Qc2 Qa5 25. Rcb1 Nd7 26. Rb7 Ngf6 27. Ne5 Nxe5 28. dxe5 Ne8 29. Qf5 f6 30. Qe6+ Kh8 31. Qf7 Qa3 32. Re7 1-0

[Event "DVM U20w 2021"]
[Site "Kiel"]
[Date "2022.07.24"]
[Round "3"]
[White "Bangsa-Giesen, Citra"]
[Black "Tabakh, Tassnim"]
[Result "0-1"]
[ECO "B13"]
[WhiteElo "1420"]
[BlackElo "1241"]
[Annotator "NA RC COMBH"]
[PlyCount "64"]
[EventDate "2022.07.23"]
[EventType "team-tourn"]
[EventRounds "7"]
[EventCountry "GER"]
[SourceTitle "playchess.com"]
[Source "ChessBase"]
[SourceQuality "1"]
[TimeControl "40/5400+30:1800+30"]

1. e4 c6 2. d4 d5 3. exd5 cxd5 4. Nf3 Bg4 5. Nc3 f6 6. h3 Bxf3 7. Qxf3 e6 8. Bb5+ Nc6 9. Qe2 Qd6 10. Be3 a6 11. Bxc6+ Qxc6 12. O-O Bb4 13. Nb1 Ne7 14. Bf4 O-O 15. c3 Ba5 16. Nd2 Rfe8 17. Nf3 Ng6 18. Bg3 Re7 19. Rfe1 Rae8 20. Qd2 Bc7 21. Bh2 Bxh2+ 22. Kxh2 e5 23. dxe5 Nxe5 24. Nd4 Qd6 25. Kg1 Nc4 26. Rxe7 Nxd2 27. Rxe8+ Kf7 28. Rae1 Kg6 29. f3 Qb6 30. b3 Qc5 31. R8e7 Qxc3 32. Ne6 Nxf3+ 0-1

[Event "DVM U20w 2021"]
[Site "Kiel"]
[Date "2022.07.24"]
[Round "3"]
[White "Neumeier, Valentina"]
[Black "Xie, Kelly"]
[Result "1-0"]
[ECO "C54"]
[WhiteElo "1392"]
[BlackElo "917"]
[Annotator "NA RC COMBH"]
[PlyCount "63"]
[EventDate "2022.07.23"]
[EventType "team-tourn"]
[EventRounds "7"]
[EventCountry "GER"]
[SourceTitle "playchess.com"]
[Source "ChessBase"]
[SourceQuality "1"]
[TimeControl "40/5400+30:1800+30"]

1. e4 e5 2. Nf3 Nc6 3. Bc4 Bc5 4. c3 d6 5. d3 Nf6 6. Nbd2 O-O 7. O-O b6 8. b4 Nxb4 9. cxb4 Bxb4 10. Qb3 Bc5 11. Ng5 d5 12. exd5 Bd6 13. Nde4 Nxe4 14. dxe4 Qxg5 15. Bxg5 Bd7 16. f4 exf4 17. Bxf4 Rae8 18. Rae1 h6 19. e5 Bc5+ 20. Kh1 Kh8 21. d6 Be6 22. Bxe6 fxe6 23. d7 Re7 24. Rd1 Rd8 25. h3 Rexd7 26. Rxd7 Rxd7 27. Qxe6 Re7 28. Qg6 Kg8 29. Bxh6 a5 30. Rd1 Rf7 31. e6 Rf6 32. Qxg7# 1-0

[Event "DVM U20w 2021"]
[Site "Kiel"]
[Date "2022.07.24"]
[Round "3"]
[White "Albayrak, Melissa"]
[Black "Peglau, Mirjam"]
[Result "0-1"]
[ECO "C14"]
[WhiteElo "1366"]
[BlackElo "1876"]
[Annotator "NA RC COMBH"]
[PlyCount "80"]
[EventDate "2022.07.23"]
[EventType "team-tourn"]
[EventRounds "7"]
[EventCountry "GER"]
[SourceTitle "playchess.com"]
[Source "ChessBase"]
[SourceQuality "1"]
[TimeControl "40/5400+30:1800+30"]

1. e4 e6 2. Nc3 d5 3. d4 Nf6 4. Bg5 Be7 5. Bd3 dxe4 6. Bxe4 Nxe4 7. Bxe7 Nxc3 8. Bxd8 Nxd1 9. Bxc7 Nxb2 10. Nf3 Na6 11. Bf4 Nc4 12. O-O O-O 13. Rfe1 Nb4 14. Re2 Nd5 15. Bg3 Bd7 16. Rc1 Rfc8 17. c3 Rc6 18. Ree1 Rac8 19. h3 f6 20. Re2 Ncb6 21. Rb2 Rxc3 22. Rxc3 Rxc3 23. Bb8 a6 24. Ba7 Rc6 25. Nd2 Bc8 26. Nb3 Na4 27. Rb1 b5 28. Bc5 Nxc5 29. Nxc5 Kf7 30. g3 Nc3 31. Rb2 Na4 32. Rc2 Nxc5 33. dxc5 e5 34. f3 Ke6 35. Kf2 Kd5 36. Rd2+ Kxc5 37. f4 $19 exf4 38. gxf4 Kb4 39. Ke3 Bxh3 40. Ke2 Bf5 0-1

[Event "DVM U20w 2021"]
[Site "Kiel"]
[Date "2022.07.24"]
[Round "3"]
[White "Tabakh, Najat"]
[Black "Schwarzfischer, Julia"]
[Result "1-0"]
[ECO "C44"]
[WhiteElo "1313"]
[BlackElo "1314"]
[Annotator "NA RC COMBH"]
[PlyCount "131"]
[EventDate "2022.07.23"]
[EventType "team-tourn"]
[EventRounds "7"]
[EventCountry "GER"]
[SourceTitle "playchess.com"]
[Source "ChessBase"]
[SourceQuality "1"]
[TimeControl "40/5400+30:1800+30"]

1. e4 e5 2. Nf3 Nc6 3. c3 Nf6 4. d4 exd4 5. e5 Qe7 6. cxd4 d6 7. Bf4 Bg4 8. Bb5 dxe5 9. Bxc6+ bxc6 10. Bxe5 Qe6 11. O-O Be7 12. Re1 O-O 13. Bxc7 Bxf3 14. Rxe6 Bxd1 15. Rxe7 Nd5 16. Re1 Nxc7 17. Rxd1 Rad8 18. Nc3 Rd7 19. Rd2 Re8 20. g3 Ne6 21. Rad1 Ng5 22. Kg2 Red8 23. h4 Ne6 24. d5 Nc7 25. d6 Ne8 26. Ne4 f5 27. Nc5 Rxd6 28. Rxd6 Rxd6 29. Rxd6 Nxd6 30. Ne6 g6 31. Nd4 c5 32. Nc6 a6 33. b3 Kf7 34. Ne5+ Ke6 35. Nf3 Ne4 36. Ne1 Nc3 37. Nd3 Kd6 38. Nc1 Kd5 39. Kf3 a5 40. Kf4 h6 41. h5 gxh5 42. Kxf5 c4 43. Kg6 cxb3 44. axb3 Ke4 45. Kxh5 Nd5 46. f4 Kf5 47. Kxh6 Nf6 48. Ne2 Ne4 49. Nd4+ Kf6 50. g4 Kf7 51. g5 Kg8 52. f5 Nd6 53. Kg6 Ne4 54. Nc6 Nc5 55. Nxa5 Kh8 56. Kf7 Ne4 57. g6 Nd6+ 58. Kf6 Ne4+ 59. Ke5 Nc5 60. f6 Nd7+ 61. Ke6 Nc5+ 62. Kf7 Ne6 63. g7+ Nxg7 64. fxg7+ Kh7 65. g8=Q+ Kh6 66. Qg6# 1-0

[Event "DVM U20w 2021"]
[Site "Kiel"]
[Date "2022.07.24"]
[Round "3"]
[White "Hoffmann, Sophia"]
[Black "Sereda, Yaroslava"]
[Result "0-1"]
[ECO "D02"]
[WhiteElo "1214"]
[BlackElo "1781"]
[Annotator "NA RC COMBH"]
[PlyCount "63"]
[EventDate "2022.07.23"]
[EventType "team-tourn"]
[EventRounds "7"]
[EventCountry "GER"]
[SourceTitle "playchess.com"]
[Source "ChessBase"]
[SourceQuality "1"]
[TimeControl "40/5400+30:1800+30"]

1. d4 d5 2. Bf4 Nf6 3. Nf3 e6 4. e3 Bd6 5. Bg3 O-O 6. c4 c5 7. Nc3 cxd4 8. exd4 Nc6 9. c5 Bxg3 10. hxg3 b6 11. Qc2 bxc5 12. Bd3 g6 13. dxc5 e5 14. Ng5 Nb4 15. Qd2 Nxd3+ 16. Qxd3 Qa5 17. O-O-O Qxc5 18. Qf3 Bf5 19. g4 e4 20. Qh3 Bxg4 21. Qh6 Rfd8 22. Nxh7 Qd6 23. Ng5 Qf4+ 24. Kb1 Bh5 25. g3 Qf5 26. Rdg1 e3+ 27. Ka1 exf2 28. Rf1 Re8 29. a3 Rab8 30. Rb1 Re1 31. Rd1 Rxh1 32. Rxh1 0-1

[Event "DVM U20w 2021"]
[Site "Kiel"]
[Date "2022.07.24"]
[Round "3"]
[White "Mohammad Dawed, Lizan"]
[Black "Weiß, Sara"]
[Result "1-0"]
[ECO "A45"]
[WhiteElo "799"]
[BlackElo "714"]
[Annotator "NA RC COMBH"]
[PlyCount "74"]
[EventDate "2022.07.23"]
[EventType "team-tourn"]
[EventRounds "7"]
[EventCountry "GER"]
[SourceTitle "playchess.com"]
[Source "ChessBase"]
[SourceQuality "1"]
[TimeControl "40/5400+30:1800+30"]

1. d4 Nf6 2. Bf4 g6 3. e3 Bg7 4. Bc4 O-O 5. Nh3 d6 6. Qf3 Nc6 7. Bb5 Bg4 8. Qg3 Ne4 9. Qxg4 e5 10. Bxc6 bxc6 11. Bg5 f6 12. Bh6 f5 13. Bg5 fxg4 14. Bxd8 Raxd8 15. f3 gxf3 16. Rf1 f2+ 17. Nxf2 Nxf2 18. Rxf2 Rf7 19. Rxf7 Kxf7 20. c3 c5 21. d5 e4 22. Nd2 Be5 23. g3 h5 24. Nxe4 Bxg3+ 25. hxg3 Re8 26. Ng5+ Kf6 27. Nh7+ Kg7 28. Ng5 Re5 29. Nf3 Rxd5 30. Rd1 Rf5 31. Nh4 Re5 32. Ke2 g5 33. Nf3 Rf5 34. Rf1 g4 35. Nh4 Rxf1 36. Kxf1 Kf6 37. e4 Ke5 1-0

[Event "DVM U20w 2021"]
[Site "Kiel"]
[Date "2022.07.24"]
[Round "4"]
[White "Hrebenshchykova, Yelyzaveta"]
[Black "Tabakh, Tassnim"]
[Result "1-0"]
[ECO "B13"]
[WhiteElo "2088"]
[BlackElo "1241"]
[Annotator "TA"]
[PlyCount "59"]
[EventDate "2022.07.23"]
[EventType "team-tourn"]
[EventRounds "7"]
[EventCountry "GER"]
[SourceTitle "playchess.com"]
[Source "ChessBase"]
[SourceQuality "1"]
[TimeControl "40/5400+30:1800+30"]

1. e4 c6 2. d4 d5 3. exd5 cxd5 4. c4 e6 5. Nc3 Bb4 6. Nf3 {[%emt 0:11:46] B13: Caro-Kann: Exchange Variation and Panov-Botvinnik Attack.} (6. cxd5 {looks sharper.} exd5 7. Bd3 Nf6 8. a3) 6... Bxc3+ (6... Nf6 $11 {remains equal.}) 7. bxc3 $16 b6 (7... Ne7 $14) 8. cxd5 {[%emt 0:05:28] White is clearly better.} exd5 {[%emt 0:02:03] [#]} 9. Ne5 $146 (9. Bb5+ $18 Bd7 10. Bd3 (10. Bg5 f6 $11)) ({Predecessor:} 9. Qb3 Be6 10. Bb5+ Nd7 11. Ne5 Ne7 12. O-O O-O 13. Re1 Nxe5 14. Rxe5 Ng6 15. Re3 {1-0 (34) Remolar Gallen,J (2110)-Brisa Vega,P (1481) Valencia 2012}) 9... Qe7 {[%emt 0:04:43] A mistake that costs the game.} (9... Ne7 $16) 10. Bb5+ $18 Bd7 11. Bxd7+ Nxd7 12. O-O {[%emt 0:00:07][%cal Bh1f1,Bf1e1,Be1e5,Be5e7,Be7e3,Be3g3][%mdl 32] Hoping for Nc6.} Nxe5 13. Re1 {[%emt 0:00:40][%mdl 64] [#] Pin} ({Less strong is} 13. dxe5 Qd7 $14) 13... Qd7 (13... O-O-O $142 14. dxe5 (14. Rxe5 Qd7 $16) 14... Qd7) 14. Rxe5+ Ne7 $2 (14... Kd8 {was called for.} 15. Qf3 Nf6) 15. Ba3 O-O 16. Rxe7 Qc6 17. Qd2 Rac8 18. Re3 Rfd8 19. Rae1 h6 20. h3 a5 21. Rg3 Re8 22. Re5 Re6 23. Rxe6 Qxe6 24. Qe3 Qc6 25. Qe5 {[%emt 0:00:28][%csl Gg3][%cal Re5g7] [#]} g6 26. Qf4 g5 27. h4 f6 28. Qf5 {[%emt 0:00:10] Intending Qg6+ and mate.} Kh8 29. Be7 Kg7 30. Bxf6+ {[%emt 0:00:11] Weighted Error Value: White=0.28 (precise) /Black=0.67} 1-0

[Event "DVM U20w 2021"]
[Site "Kiel"]
[Date "2022.07.24"]
[Round "4"]
[White "Peglau, Mirjam"]
[Black "Eichhorn, Elisabeth"]
[Result "1-0"]
[ECO "E81"]
[WhiteElo "1876"]
[BlackElo "1325"]
[Annotator "NA COMBH"]
[PlyCount "65"]
[EventDate "2022.07.23"]
[EventType "team-tourn"]
[EventRounds "7"]
[EventCountry "GER"]
[SourceTitle "playchess.com"]
[Source "ChessBase"]
[SourceQuality "1"]
[TimeControl "40/5400+30:1800+30"]

1. d4 Nf6 2. c4 g6 3. Nc3 Bg7 4. e4 d6 5. f3 Nfd7 6. Be3 O-O 7. Bd3 Re8 8. Nge2 c6 9. O-O Qc7 10. Rc1 c5 11. Qd2 Nc6 12. dxc5 dxc5 13. b3 Nd4 14. Nd5 Qd6 15. f4 e5 16. Bb1 Nxe2+ 17. Qxe2 Nb6 18. Rcd1 Bd7 19. Nxb6 Qxb6 20. Rxd7 Qc6 21. Rd5 b6 22. f5 Rf8 23. Qf3 Rac8 24. f6 Bh8 25. Rxe5 Rcd8 26. Rd5 Rfe8 27. g4 Rxd5 28. cxd5 Qd6 29. g5 Rd8 30. Bf4 Qd7 31. Rd1 Kf8 32. e5 Re8 33. Be4 1-0

[Event "DVM U20w 2021"]
[Site "Kiel"]
[Date "2022.07.24"]
[Round "4"]
[White "Muedder, Melanie"]
[Black "Bangsa-Giesen, Citra"]
[Result "1-0"]
[ECO "B56"]
[WhiteElo "1865"]
[BlackElo "1420"]
[Annotator "NA COMBH"]
[PlyCount "47"]
[EventDate "2022.07.23"]
[EventType "team-tourn"]
[EventRounds "7"]
[EventCountry "GER"]
[SourceTitle "playchess.com"]
[Source "ChessBase"]
[SourceQuality "1"]
[TimeControl "40/5400+30:1800+30"]

1. e4 c5 2. Nf3 d6 3. d4 cxd4 4. Nxd4 Nf6 5. Nc3 Nc6 6. f3 e6 7. g4 d5 8. g5 Ng8 9. exd5 exd5 10. Qe2+ Nge7 11. Be3 Nxd4 12. Bxd4 Be6 13. O-O-O Nc6 14. f4 Qd7 15. f5 Nxd4 16. Rxd4 Bc5 17. Rxd5 Bd6 18. fxe6 fxe6 19. Bh3 Kf7 20. Rf1+ Kg6 21. Qe4+ Kh5 22. g6+ Kh6 23. Qh4+ Kxg6 24. Qg5# 1-0

[Event "DVM U20w 2021"]
[Site "Kiel"]
[Date "2022.07.24"]
[Round "4"]
[White "Brunner, Sophia"]
[Black "Rempe, Mieke"]
[Result "1-0"]
[ECO "C22"]
[WhiteElo "1804"]
[BlackElo "1646"]
[Annotator "NA COMBH"]
[PlyCount "49"]
[EventDate "2022.07.23"]
[EventType "team-tourn"]
[EventRounds "7"]
[EventCountry "GER"]
[SourceTitle "playchess.com"]
[Source "ChessBase"]
[SourceQuality "1"]
[TimeControl "40/5400+30:1800+30"]

1. e4 e5 2. d4 exd4 3. Qxd4 Nc6 4. Qe3 b6 5. Nc3 Bb7 6. a3 Bc5 7. Qg3 Bd4 8. Nd5 d6 9. c3 Bf6 10. Bc4 Ne5 11. Be2 c6 12. Nxf6+ Qxf6 13. Nf3 h6 14. Bf4 Nxf3+ 15. Bxf3 Rd8 16. O-O-O Ne7 17. Rxd6 Rxd6 18. Bxd6 O-O 19. Be5 Qg6 20. Rd1 f6 21. Bf4 Bc8 22. Rd6 c5 23. h4 Qg5 24. Qg4 Qxg4 25. Bg3 1-0

[Event "DVM U20w 2021"]
[Site "Kiel"]
[Date "2022.07.24"]
[Round "4"]
[White "Peglau, Sarah"]
[Black "Basovskiy, Jana"]
[Result "1/2-1/2"]
[ECO "A50"]
[WhiteElo "1782"]
[BlackElo "1867"]
[Annotator "NA COMBH"]
[PlyCount "76"]
[EventDate "2022.07.23"]
[EventType "team-tourn"]
[EventRounds "7"]
[EventCountry "GER"]
[SourceTitle "playchess.com"]
[Source "ChessBase"]
[SourceQuality "1"]
[TimeControl "40/5400+30:1800+30"]

1. c4 Nf6 2. Nc3 Nc6 3. d4 e5 4. d5 Ne7 5. e4 Ng6 6. a3 Bc5 7. Nf3 Ng4 8. Be3 Nxe3 9. fxe3 Bxe3 10. Qd3 Bc5 11. O-O-O d6 12. b4 Bb6 13. h4 h6 14. h5 Nf4 15. Qd2 Bg4 16. Be2 a5 17. b5 Bc5 18. Kb2 Nxe2 19. Qxe2 Bd4 20. Qd3 Bxf3 21. gxf3 Qg5 22. Rde1 Qg2+ 23. Kb3 O-O 24. Ne2 a4+ 25. Kc2 Bc5 26. Kb1 Qg5 27. Nc3 Bxa3 28. Reg1 Qf6 29. Qd1 Bc5 30. Rg4 a3 31. Rh3 Kh8 32. Qe2 Bd4 33. Qd2 Kh7 34. Ka2 Rg8 35. f4 Bc5 36. f5 Bb4 37. Qc2 Bxc3 38. Rxc3 b6 1/2-1/2

[Event "DVM U20w 2021"]
[Site "Kiel"]
[Date "2022.07.24"]
[Round "4"]
[White "Sereda, Yaroslava"]
[Black "Neumeier, Valentina"]
[Result "1-0"]
[ECO "C86"]
[WhiteElo "1781"]
[BlackElo "1392"]
[Annotator "NA COMBH"]
[PlyCount "77"]
[EventDate "2022.07.23"]
[EventType "team-tourn"]
[EventRounds "7"]
[EventCountry "GER"]
[SourceTitle "playchess.com"]
[Source "ChessBase"]
[SourceQuality "1"]
[TimeControl "40/5400+30:1800+30"]

1. e4 e5 2. Nf3 Nc6 3. Bb5 a6 4. Ba4 b5 5. Bb3 Nf6 6. Qe2 Be7 7. c3 d6 8. O-O Bg4 9. h3 Bh5 10. a4 Na5 11. Bc2 c6 12. d4 exd4 13. cxd4 O-O 14. Nbd2 Qb6 15. Rd1 Rfe8 16. Nf1 Bd8 17. Ng3 Bg6 18. axb5 cxb5 19. Bd2 Nc6 20. Bf4 Bc7 21. Rac1 Nxe4 22. Bxe4 Bxe4 23. Nxe4 f5 24. Qc2 Nb4 25. Qb3+ Kh8 26. Neg5 h6 27. Nf7+ Kh7 28. Qxb4 Re6 29. N7g5+ hxg5 30. Nxg5+ Kg8 31. Nxe6 Bb8 32. Qb3 Kh7 33. Qd5 Ra7 34. Qxf5+ g6 35. Nf8+ Kg8 36. Nxg6 Rf7 37. Ne7+ Rxe7 38. Qg6+ Rg7 39. Rc8+ 1-0

[Event "DVM U20w 2021"]
[Site "Kiel"]
[Date "2022.07.24"]
[Round "4"]
[White "Grining, Maria"]
[Black "Peglau, Dora"]
[Result "0-1"]
[ECO "D04"]
[WhiteElo "1750"]
[BlackElo "1920"]
[Annotator "TA"]
[PlyCount "78"]
[EventDate "2022.07.23"]
[EventType "team-tourn"]
[EventRounds "7"]
[EventCountry "GER"]
[SourceTitle "playchess.com"]
[Source "ChessBase"]
[SourceQuality "1"]
[TimeControl "40/5400+30:1800+30"]

1. d4 d5 2. Nf3 Nf6 3. e3 Bf5 4. Bd3 Bg6 5. O-O e6 6. b3 {[%emt 0:00:46] D04: Colle System.} Be7 7. Bb2 O-O 8. Ne5 {[%emt 0:00:34] The position is equal.} c5 9. f4 ({Better is} 9. Nxg6 $14 hxg6 10. Nd2) 9... Nc6 10. Nxg6 hxg6 {[%emt 0:00:23] [#]} 11. c3 $146 ({Predecessor:} 11. Nd2 a6 12. Rf3 b5 13. Rh3 c4 14. Be2 Bd6 15. g4 g5 16. Qe1 Nh7 17. Qf1 {1-0 (54) Burke,P-Nelson,R Vancouver 1984}) 11... Rc8 12. Nd2 a6 13. a4 Qc7 14. Qf3 Bd6 15. Kh1 Nd7 16. e4 dxe4 17. Nxe4 cxd4 18. cxd4 Be7 19. Bc4 Nf6 (19... Nb6 $15) 20. Ng5 $1 $14 Rcd8 {[%emt 0:09:11] [#]} (20... Nd5 $14) 21. Rad1 $2 (21. Nxe6 $1 $18 fxe6 22. Bxe6+ Kh8 23. d5) 21... Nd5 $11 22. Qh3 $1 Bxg5 23. fxg5 Nce7 24. Ba3 Rfe8 $1 25. Bxe7 Qxe7 26. Qg3 Nb6 27. Rf3 Nxc4 28. bxc4 Qb4 {[%emt 0:07:45] [#]} (28... e5 $11 29. d5 e4) 29. Qf4 (29. Qh4 $1 $16) 29... Rd7 {[%emt 0:05:51] Threatens to win with ...e5.} 30. Rh3 (30. Qh4 $11) 30... Qxa4 $40 {[%emt 0:01:01][%mdl 128] Black is up to no good.} 31. Re1 (31. Rc1 $11 {and White is okay.}) 31... Qxc4 $19 32. Rh4 Red8 33. Rf1 $2 (33. Qf3 {was the only defense.} Rxd4 34. Rxd4 Rxd4 35. Qxb7) 33... Qxd4 {[%emt 0:01:51] Black is clearly winning.} 34. Qg3 Qd3 35. Qf2 Qd2 36. Qf3 Qxg5 37. Qh3 (37. Ra4 $142) 37... f5 {[%emt 0:01:00] Hoping for ...Rd1.} 38. Rh8+ Kf7 {[%emt 0:00:01] aiming for ...Rd1.} 39. Rxd8 Qxd8 {[%emt 0:00:26] Weighted Error Value: White=0.63/Black=0.26 (precise)} 0-1

[Event "DVM U20w 2021"]
[Site "Kiel"]
[Date "2022.07.24"]
[Round "4"]
[White "Sickmann, Lisa"]
[Black "Browning, Rebecca"]
[Result "1/2-1/2"]
[ECO "C01"]
[WhiteElo "1672"]
[BlackElo "1938"]
[Annotator "TA"]
[PlyCount "91"]
[EventDate "2022.07.23"]
[EventType "team-tourn"]
[EventRounds "7"]
[EventCountry "GER"]
[SourceTitle "playchess.com"]
[Source "ChessBase"]
[SourceQuality "1"]
[TimeControl "40/5400+30:1800+30"]

1. e4 e6 2. d4 d5 3. Bd3 c5 4. c3 Nc6 5. Ne2 Bd7 (5... dxe4 $11 6. Bxe4 Nf6) 6. O-O {[%emt 0:00:16] C01: French: Exchange Variation.} dxe4 7. Bxe4 Nf6 8. Bf3 {[%emt 0:00:11] [#]} Bd6 $146 ({Predecessor:} 8... cxd4 9. Nxd4 Qb6 10. Be3 Bc5 11. Bxc6 Bxc6 12. Nd2 Bxd4 13. Bxd4 Qb5 14. Re1 Qg5 {½-½ (56) Kendi,S (1964)-Cenker,M (2015) Slovakia 2018}) 9. Be3 cxd4 10. cxd4 Qc7 11. h3 h6 12. Nbc3 a6 {[%emt 0:01:17] Prevents Nb5.} 13. Ne4 Nxe4 14. Bxe4 O-O 15. Rc1 Qd8 16. d5 exd5 17. Bxd5 Be5 18. Nc3 Rb8 19. Qf3 {[%emt 0:03:13] Threatens to win with Bc5.} Qf6 20. Rfd1 Qxf3 21. Bxf3 Be6 22. b3 Rbc8 ({Black should try} 22... Nb4 $11) 23. Nd5 (23. Na4 $5 ) 23... Rcd8 24. a4 Kh8 25. b4 Bxd5 (25... Bd6 $11 {remains equal.}) 26. Bxd5 Nxb4 27. Bc5 {[%emt 0:04:00] A strong pair of Bishops.} Bd6 $1 28. Bxd6 ({Don't play} 28. Bxb7 $6 Bxc5 29. Rxd8 Bxf2+ 30. Kxf2 Rxd8 $11) 28... Rxd6 29. Bxb7 Rfd8 30. Rxd6 Rxd6 $14 {[%emt 0:00:05][%mdl 4096] Endgame KRB-KRN} 31. Rc7 Kg8 32. a5 Kf8 33. Kf1 Ke8 34. Rc4 Nd3 35. Ke2 Kd7 {[%emt 0:07:02] Against Rc6} 36. Ke3 (36. f4 $1 $16) 36... Ne5 $11 37. Rc5 f6 38. f4 Nf7 {[%emt 0:00:22] [#]} (38... Nd3 $14 39. Rc3 Nb4) 39. Ke4 (39. Bc8+ $1 $18 Kd8 40. Bf5) 39... g6 $16 40. g4 {[%emt 0:03:55] Inhibits f5+. White is more active.} Nd8 (40... Rd1 $16 {was worth a try.} 41. Bxa6 Nd6+ 42. Kf3 g5) 41. Bc8+ $18 Ke8 {[%emt 0:31:53] [#]} 42. Rc7 $2 ({Better is} 42. h4 $1 $18) 42... Nc6 $1 $11 {[%emt 0:02:00] And now ...Kd8 would win.} 43. Bd7+ Kd8 {[%emt 0:00:09] The position is equal.} 44. Rxc6 Kxd7 45. Rxd6+ Kxd6 46. Kd4 {[%emt 0:00:26] Weighted Error Value: White=0.21 (precise) /Black=0.16 (very precise)} 1/2-1/2

[Event "DVM U20w 2021"]
[Site "Kiel"]
[Date "2022.07.24"]
[Round "4"]
[White "Albayrak, Berrak"]
[Black "Xie, Kelly"]
[Result "1-0"]
[ECO "B02"]
[WhiteElo "1592"]
[BlackElo "917"]
[Annotator "NA COMBH"]
[PlyCount "97"]
[EventDate "2022.07.23"]
[EventType "team-tourn"]
[EventRounds "7"]
[EventCountry "GER"]
[SourceTitle "playchess.com"]
[Source "ChessBase"]
[SourceQuality "1"]
[TimeControl "40/5400+30:1800+30"]

1. e4 d5 2. exd5 Nf6 3. Nc3 c6 4. dxc6 Nxc6 5. Nf3 e5 6. Bb5 Qe7 7. Qe2 e4 8. Nd4 Bd7 9. Nxc6 bxc6 10. Bc4 g6 11. d3 Bf5 12. dxe4 Nxe4 13. Nxe4 Bxe4 14. O-O Bg7 15. Re1 O-O 16. Qxe4 Qxe4 17. Rxe4 Rae8 18. Rxe8 Rxe8 19. Be3 Bxb2 20. Rb1 Bg7 21. Rb7 Rf8 22. Bc5 h5 23. Bxf8 Bxf8 24. Rxf7 a5 25. Rc7+ Kh8 26. Rxc6 Kg7 27. Bd3 g5 28. Rg6+ Kf7 29. Rxg5 Ke6 30. Rxh5 a4 31. a3 Be7 32. Ra5 Bxa3 33. Rxa4 Bd6 34. Ra6 Kd5 35. c4+ Kc5 36. Rxd6 Kxd6 37. h4 Ke6 38. h5 Kf6 39. c5 Kg5 40. c6 Kxh5 41. c7 Kg5 42. c8=Q Kf6 43. Qf5+ Ke7 44. g4 Kd6 45. g5 Kc6 46. g6 Kc7 47. g7 Kd6 48. g8=Q Kc6 49. Qgg6+ 1-0

[Event "DVM U20w 2021"]
[Site "Kiel"]
[Date "2022.07.24"]
[Round "4"]
[White "Malinowsky, Celina"]
[Black "Wilmink, Anna"]
[Result "0-1"]
[ECO "C42"]
[WhiteElo "1519"]
[BlackElo "1692"]
[Annotator "NA COMBH"]
[PlyCount "108"]
[EventDate "2022.07.23"]
[EventType "team-tourn"]
[EventRounds "7"]
[EventCountry "GER"]
[SourceTitle "playchess.com"]
[Source "ChessBase"]
[SourceQuality "1"]
[TimeControl "40/5400+30:1800+30"]

1. e4 e5 2. Nf3 Nf6 3. Nc3 Bb4 4. Bc4 Bxc3 5. dxc3 d6 6. Bg5 h6 7. Bxf6 Qxf6 8. Qd3 Nd7 9. Nd2 Nc5 10. Qg3 Bd7 11. f3 g5 12. h3 Qg6 13. Nb3 Nxb3 14. Bxb3 O-O-O 15. O-O-O f5 16. exf5 Qxf5 17. Qf2 Kb8 18. Bd5 h5 19. Be4 Qf7 20. Kb1 Be6 21. b3 g4 22. hxg4 hxg4 23. c4 gxf3 24. Qxf3 Qxf3 25. Bxf3 Kc8 26. Rxh8 Rxh8 27. Rg1 b6 28. g4 Kd7 29. Be4 Rh4 30. Bf5 Ke7 31. Bxe6 Kxe6 32. g5 Rh8 33. Rf1 Rg8 34. Rf6+ Ke7 35. Rf5 Rf8 36. Rxf8 Kxf8 37. Kc1 Kf7 38. Kd2 Kg6 39. Ke3 Kxg5 40. Ke4 Kg4 41. a3 Kg5 42. b4 Kf6 43. a4 Ke6 44. c3 c6 45. b5 c5 46. Ke3 Kf5 47. Kf3 e4+ 48. Ke3 Ke5 49. Ke2 Kf4 50. Kf2 e3+ 51. Ke2 Ke4 52. a5 bxa5 53. b6 axb6 54. Ke1 Kd3 0-1

[Event "DVM U20w 2021"]
[Site "Kiel"]
[Date "2022.07.24"]
[Round "4"]
[White "Schwarzfischer, Julia"]
[Black "Rudolph, Eva"]
[Result "0-1"]
[ECO "B20"]
[WhiteElo "1314"]
[BlackElo "1892"]
[Annotator "NA COMBH"]
[PlyCount "100"]
[EventDate "2022.07.23"]
[EventType "team-tourn"]
[EventRounds "7"]
[EventCountry "GER"]
[SourceTitle "playchess.com"]
[Source "ChessBase"]
[SourceQuality "1"]
[TimeControl "40/5400+30:1800+30"]

1. e4 c5 2. g3 d5 3. e5 Bf5 4. d3 Nc6 5. Bg2 Nxe5 6. f4 Bg4 7. Nf3 Nxf3+ 8. Bxf3 Bxf3 9. Qxf3 e6 10. c4 Nf6 11. Nc3 Be7 12. g4 dxc4 13. dxc4 Qb6 14. g5 Nd7 15. b3 O-O-O 16. Bb2 e5 17. O-O-O Rhe8 18. Rhe1 Bf8 19. Nd5 Qg6 20. h4 e4 21. Qg4 f5 22. Qh3 Qe6 23. Nc3 Bd6 24. Qe3 g6 25. Nb5 Bb8 26. Rd2 Qb6 27. Red1 Nf8 28. Rd5 Ne6 29. Be5 Rxd5 30. Rxd5 Rd8 31. Bxb8 Kxb8 32. Qd2 Nd4 33. Rxd8+ Qxd8 34. b4 a6 35. Nxd4 Qxd4 36. Qxd4 cxd4 37. a4 Kc7 38. Kc2 a5 39. bxa5 Kc6 40. Kb3 Kc5 41. Kc2 Kxc4 42. Kd2 e3+ 43. Kc1 Kc3 44. Kd1 d3 45. Ke1 e2 46. a6 bxa6 47. a5 Kc2 48. Kf2 Kd2 49. Kg2 Ke3 50. Kh2 Kf2 0-1